 Dungeon Crawl Stone Soup version 0.29-a0-541-gaf1fc19f1b (webtiles) character file.

Game seed: 2028469865813194570

217 zishaf the Skirmisher (level 5, -17/55 HPs)
             Began as an Ogre Warper on June 2, 2022.
             Demolished by Menkaure (19 damage)
             ... on level 4 of the Dungeon.
             The game lasted 00:08:27 (4962 turns).

zishaf the Skirmisher (Ogre Warper)                 Turns: 4962, Time: 00:08:28

Health: -17/55     AC:  3    Str: 17    XL:     5   Next: 94%
Magic:  8/8        EV:  9    Int: 14    God:
Gold:   137        SH:  0    Dex:  8    Spells: 5/8 levels left

rFire   . . .      SeeInvis .   a - +0 mace (drain)
rCold   . . .      Faith    .   (no shield)
rNeg    . . .      Spirit   .   b - +0 robe
rPois   .          Reflect  .   (helmet restricted)
rElec   .          Harm     .   (no cloak)
rCorr   .          Rampage  .   (gloves unavailable)
Will    +....                   (boots unavailable)
Stlth   +.........              (no amulet)
HPRegen 0.18/turn               o - ring of willpower
MPRegen 0.11/turn               (no ring)

@: no status effects
A: large, unfitting armour, tough skin 1
a: no special abilities


You were on level 4 of the Dungeon.
You visited 1 branch of the dungeon, and saw 5 of its levels.

You collected 137 gold pieces.

Inventory:

Hand Weapons
 a - a +0 mace of draining (weapon)
Missiles
 d - 7 boomerangs of dispersal
 j - 7 javelins (quivered)
 l - 3 poisoned darts
Armour
 b - a +0 robe (worn)
Jewellery
 g - a ring of ice
 o - a ring of willpower (left hand)
Scrolls
 c - 2 scrolls of blinking
 e - a scroll of acquirement {unknown}
Potions
 f - a potion of haste
 h - 2 potions of heal wounds
 i - 3 potions of curing
 m - 2 potions of cancellation
 r - a potion of brilliance


   Skills:
 + Level 4.4 Fighting
 + Level 3.0 Maces & Flails
 + Level 2.7 Throwing
 - Level 2.1 Dodging
 + Level 2.4 Spellcasting
 + Level 0.6 Conjurations
 - Level 3.6 Translocations
 + Level 0.6 Fire Magic


You had 5 spell levels left.
You knew the following spells:

 Your Spells              Type           Power      Damage    Failure   Level
a - Blink                 Tloc           22%        N/A       8%          2
b - Foxfire               Conj/Fire      12%        2x1d4     19%         1

Your spell library contained the following spells:

 Spells                   Type           Power      Damage    Failure   Level
 Gell's Gravitas          Tloc           11%        N/A       16%         3
 Lesser Beckoning         Tloc           11%        N/A       16%         3
 Teleport Other           Tloc           11%        N/A       16%         3
 Magic Dart               Conj           12%        1d3       19%         1
 Call Imp                 Summ           1%         N/A       34%         2
 Mephitic Cloud           Conj/Pois/Air  2%         N/A       54%         3
 Frozen Ramparts          Ice            2%         1d2       56%         3
 Manifold Assault         Tloc           11%        N/A       80%         5
 Ice Form                 Ice/Tmut       1%         N/A       92%         4
 Summon Ice Beast         Ice/Summ       1%         N/A       92%         4


Dungeon Overview and Level Annotations

Branches:
Dungeon (5/15)
 Temple: D:4-7

Altars:

Annotations:
D:4 Menkaure


Innate Abilities, Weirdness & Mutations

You are too large for most types of armour.
You have tough skin. (AC +1)


Message History

Menkaure is moderately damaged.
Menkaure barely misses you.
You hit Menkaure but do no damage.
Menkaure is moderately damaged.
Menkaure barely misses you.
You barely miss Menkaure.
Menkaure is moderately damaged.
Menkaure hits you!
You hit Menkaure.
Menkaure is moderately damaged.
Menkaure hits you.
You hit Menkaure but do no damage.
Menkaure is moderately damaged.
Menkaure hits you!!
* * * LOW HITPOINT WARNING * * *
You are too injured to fight recklessly!
You hit Menkaure.
Menkaure is heavily damaged.
Menkaure calls on the powers of darkness!
Your body is wracked with pain!
* * * LOW HITPOINT WARNING * * *
You aren't carrying any items that you can evoke.
You hit Menkaure.
Menkaure is severely damaged.
Menkaure calls on the powers of darkness!
Your body is wracked with pain!
* * * LOW HITPOINT WARNING * * *
You feel much better.
Menkaure mumbles some strange words.
Menkaure seems to speed up.
You barely miss Menkaure.
Menkaure is severely damaged.
Menkaure hits you!!
* * * LOW HITPOINT WARNING * * *
You barely miss Menkaure.
Menkaure is severely damaged.
Menkaure hits you!
* * * LOW HITPOINT WARNING * * *
Menkaure hits you!!
You die...

# #.# ##.## # #
#.# #.# .# #.#
#.######.#.# #.#
#..........# #.#
#####.######
#.########.#
#..........#
.#######.########
#..@M....#
#.######.# #.#
#.# #.# # #.# .#
#=# #..# #.
##....#


You could see Menkaure (fast).

Vanquished Creatures
  Jessica (D:2)
  An orc wizard (D:3)
  5 adders
  An ufetubus (D:4)
  2 worms
  3 dart slugs
  7 orcs
  8 ball pythons
  7 endoplasms
  A giant cockroach (D:1)
  6 goblins
  9 hobgoblins
  6 jackals (D:3)
  13 kobolds
  4 quokkas
  8 bats
  7 frilled lizards
  8 rats
97 creatures vanquished.

Vanquished Creatures (others)
  2 fungi (D:3)
  6 plants
8 creatures vanquished.

Grand Total: 105 creatures vanquished

Notes
Turn   | Place    | Note
-------+----------+-------------------------------------------
     0 | D:1      | zishaf the Ogre Warper began the quest for the Orb.
     0 | D:1      | Reached XP level 1. HP: 22/22 MP: 3/3
   151 | D:1      | Reached XP level 2. HP: 27/29 MP: 5/5
   176 | D:1      | Reached skill level 3 in Fighting
   542 | D:1      | Learned a level 2 spell: Blink
   697 | D:1      | Reached XP level 3. HP: 37/37 MP: 6/6
   916 | D:2      | Noticed Jessica
   920 | D:2      | Killed Jessica
   937 | D:2      | Reached XP level 4. HP: 15/45 MP: 7/7
  2737 | D:3      | Reached XP level 5. HP: 54/54 MP: 8/8
  2743 | D:3      | Reached skill level 4 in Fighting
  2775 | D:3      | Found a faded altar of an unknown god.
  2779 | D:3      | Got Plato's Guide on Ignition
  3009 | D:3      | Learned a level 1 spell: Foxfire
  4550 | D:4      | You fall into a shaft and drop 1 floor!
  4550 | D:5      | Entered Level 5 of the Dungeon
  4949 | D:4      | Noticed Menkaure
  4962 | D:4      | HP: 2/55 [Menkaure (11)]
  4962 | D:4      | Demolished by Menkaure

Illustrated notes

Levels and vault maps discovered:
D:1:      saegor_arrival_simple_a, layout_loops_ring
D:2:      layout_basic, minmay_pentomino_q2, uniq_jessica
D:3:      layout_loops_ring, shapermc_ecumenical_altar_rom_forum,
          chequers_serial_rivers_large_a, grunt_ministairs_1,
          kennysheep_doodads, solitary_fountain, serial_bayou_pond_b,
          minmay_misc_feat_enclosed
D:4:      layout_loops_ring, minmay_misc_feat_columns, uniq_menkaure
D:5:      layout_basic, serial_bayou, serial_bayou_ford_a, serial_bayou_shore_a,
          serial_bayou_pond_b, serial_bayou_shore_b

Skill      XL: |  1  2  3  4  5 |
---------------+----------------+-----
Maces & Flails | 2 3 |  3.0
Fighting       | 3 4 |  4.4
Translocations | 3 |  3.6
Throwing       | 2 |  2.7
Dodging        | |  2.1
Spellcasting   | |  2.4
Conjurations   | |  0.6
Fire Magic     | |  0.6

Action                   |  1- 3 |  4- 6 || total
-------------------------+-------+-------++-------
Melee: Mace              |    86 |   257 ||   343
       Punch             |     1 |     1 ||     2
Throw: Javelin           |       |     6 ||     6
  Use: Scroll            |       |     8 ||     8
       Potion            |       |     3 ||     3
Armor: Robe              |    24 |    86 ||   110
Dodge: Dodged            |    39 |   176 ||   215

Table legend: (Time is in decaauts)
 A = Elapsed time spent in this place.
 B = Non-inter-level travel time spent in this place.
 C = Inter-level travel time spent in this place.
 D = Time resting spent in this place.
 E = Time spent auto-exploring this place.
 F = Levels seen in this place.
 G = Mean time per level.
                   A        B        C        D        E       F      G
               +--------+--------+--------+--------+--------+-----+--------+
         Total |   5076 |   5004 |     72 |    620 |   3470 |   5 | 1015.2 |
       Dungeon |   5076 |   5004 |     72 |    620 |   3470 |   5 | 1015.2 |
               +--------+--------+--------+--------+--------+-----+--------+

Top non-repeatable levels by time:
     D:3: 1953 daAuts
     D:2: 1428 daAuts
     D:1: 936 daAuts
     D:4: 738 daAuts
     D:5: 19 daAuts
